 Dungeon Crawl Stone Soup version 0.21-a0-85-ga0cb861 (webtiles) character file.

837 NormalPerson7 the Firebug (level 7, 0/50 HPs)
             Began as a Demigod Fire Elementalist on June 25, 2017.
             Slain by an orc
             ... wielding a +0 hand axe
              (5 damage)
             ... on level 6 of the Dungeon.
             The game lasted 00:18:27 (6787 turns).

NormalPerson7 the Firebug (DgFE)                    Turns: 6787, Time: 00:18:28

Health: 0/50       AC:  3    Str: 11    XL:     7   Next: 39%
Magic:  13/13      EV: 12    Int: 27    God:
Gold:   149        SH:  0    Dex: 16    Spells: 1/10 levels left

rFire    . . .     SeeInvis .   p - +1 dagger (elec)
rCold    + . .     Gourm    .   (no shield)
rNeg     . . .     Faith    .   w - +0 robe of Greed {+Fly rElec Int+4 Stlth-}
rPois    .         Spirit   .   g - +0 helmet
rElec    +         Reflect  .   (no cloak)
rCorr    .         Harm     .   (no gloves)
MR       .....                  (no boots)
Stlth    +.........             D - amulet of regeneration (curse)
HPRegen  0.56/turn              C - ring of protection from cold
MPRegen  0.13/turn              (no ring)

@: no status effects
A: high mp 1
a: Evoke Flight


You were on level 6 of the Dungeon.
You were not hungry.

You visited 1 branch of the dungeon, and saw 8 of its levels.
You also visited: Ossuary.

You collected 149 gold pieces.

Inventory:

Hand Weapons
 h - a +0 dagger
 j - a +0 short sword
 p - a +1 dagger of electrocution (weapon)
 y - a +0 short sword
Armour
 g - a +0 helmet (worn)
 u - a +0 shield
 w - the +0 robe of Greed (worn) {+Fly rElec Int+4 Stlth-}
   (You found it on level 4 of the Dungeon)

   It affects your intelligence (+4).
   It insulates you from electricity.
   It lets you fly.
   It makes you less stealthy.
Jewellery
 C - a ring of protection from cold (left hand)
 D - a cursed amulet of regeneration (around neck)
Wands
 a - a wand of flame (48/48)
Scrolls
 i - a scroll of identify
 q - a scroll of fog
Potions
 e - 3 potions of degeneration {!q!q}
 m - a potion of magic
 o - a potion of lignification {!q}
 r - a potion of agility {unknown}
 z - a potion of curing {unknown}
 A - a potion of haste {unknown}
 B - a potion of might
 E - a potion of invisibility {unknown}
 F - a potion of mutation {unknown}
Books
 b - a book of Flames

   Spells                             Type                      Level
   a - Flame Tongue                   Conjuration/Fire             1
   b - Throw Flame                    Conjuration/Fire             2
   c - Conjure Flame                  Conjuration/Fire             3
   d - Inner Flame                    Hexes/Fire                   3
   e - Sticky Flame                   Conjuration/Fire             4
   f - Fireball                       Conjuration/Fire             5
 s - a book of Cantrips

   Spells                             Type                      Level
   a - Confusing Touch                Hexes                        1
   b - Animate Skeleton               Necromancy                   1
   c - Summon Small Mammal            Summoning                    1
   d - Apportation                    Translocation                1
Comestibles
 c - 2 bread rations
 d - 4 meat rations
 f - 3 fruits
 k - a royal jelly


   Skills:
 - Level 1.7 Dodging
 - Level 1.7 Stealth
 + Level 2.3 Spellcasting
 - Level 5.3 Conjurations
 + Level 6.2 Fire Magic


You had one spell level left.
You knew the following spells:

 Your Spells              Type           Power        Failure   Level  Hunger
a - Flame Tongue          Conj/Fire      ####.        1%          1    None
e - Conjure Flame         Conj/Fire      ####....     2%          3    ###....
s - Fireball              Conj/Fire      ####......   24%         5    ######.


Dungeon Overview and Level Annotations

Branches:
Dungeon (8/15)             Temple (0/1) D:7
   Lair: D:8-11

Shops:
D:7 [

Annotations:
D:4 exclusion: 2 doors
D:7 NormalPerson7's ghost, novice VSFi


Innate Abilities, Weirdness & Mutations

You have an increased reservoir of magic. (+10% MP)


Message History

The orc completely misses you. The orc hits you but does no damage.
The orc barely misses you. Something hits you but does no damage.
It was a potion of flight.
Your roots keep you in place.
The orc wizard mumbles some strange words.
The orc wizard blinks!
The orc hits you but does no damage. x3
The orc priest hits you but does no damage.
The orc hits you but does no damage. Something hits you but does no damage.
It was a potion of cancellation.
Your magical effects are unravelling.
You feel magically purged.
Your magical contamination has completely faded away.
You feel less wooden.
Your +0 helmet unmelds from your body.
The +0 robe of Greed {+Fly rElec Int+4 Stlth-} unmelds from your body.
The orc hits you but does no damage. The orc barely misses you.
The orc completely misses you. The orc priest hits you with a whip.
* * * LOW HITPOINT WARNING * * *
The orc completely misses you. Something hits you but does no damage.
The orc hits you with a hand axe.
You die... #ooo#

#...# #[.o# #)..#
###########.o.# .
#........##... ...
#..ooo..$....##..o.#
#..o@oo.....ยง......#
###{oo......####....
#.........# #
#.........#
###########


You could see an orc priest, an orc wizard and 6 orcs.

Vanquished Creatures
  An ogre (D:7)
  2 bullfrogs
  A scorpion (D:7)
  4 crimson imps
  An orc priest (D:3)
  Terence (D:2)
  Natasha (D:4)
  2 orc wizards
  2 worker ants (D:4)
  A worker ant zombie (D:7)
  Robin (D:2)
  4 gnolls (D:4)
  4 adders
  A river rat (D:5)
  A shadow imp (D:7)
  An ooze (D:1)
  An adder skeleton (D:3)
  3 worms
  2 dart slugs
  4 leopard geckos
  13 orcs
  3 bat zombies (D:2)
  4 giant cockroaches
  13 goblins
  11 hobgoblins
  9 jackals
  4 quokkas
  A ball python (D:4)
  9 bats
  5 frilled lizards
  5 kobolds
  A leopard gecko skeleton (D:2)
  4 rats
120 creatures vanquished.

Vanquished Creatures (others)
  2 withered plants (Ossuary)
2 creatures vanquished.

Grand Total: 122 creatures vanquished

Notes
Turn   | Place    | Note
-------+----------+-------------------------------------------
     0 | D:1      | NormalPerson7 the Demigod Fire Elementalist began the quest for the Orb.
     0 | D:1      | Reached XP level 1. HP: 14/14 MP: 5/5
    45 | D:1      | Reached skill level 1 in Conjurations
   215 | D:1      | Reached skill level 3 in Fire Magic
   220 | D:1      | Reached XP level 2. HP: 18/20 MP: 0/7
  1139 | D:1      | Reached XP level 3. HP: 26/26 MP: 5/8
  1194 | D:1      | Learned a level 3 spell: Conjure Flame
  1557 | D:2      | Found an ancient bone altar of Kikubaaqudgha.
  1621 | D:2      | Noticed Terence
  1927 | D:2      | Noticed Robin
  2760 | D:2      | Killed Robin
  2760 | D:2      | Reached XP level 4. HP: 33/33 MP: 2/9
  2998 | D:2      | Killed Terence
  2998 | D:2      | Reached skill level 4 in Fire Magic
  3364 | D:2      | Found an ancient bone altar of Kikubaaqudgha.
  3435 | D:3      | Found a blossoming altar of Fedhas.
  3731 | D:3      | Found a shadowy altar of Dithmenos.
  4210 | D:3      | Reached XP level 5. HP: 38/38 MP: 5/10
  4700 | D:3      | Found an opulent altar of Gozag.
  5012 | D:4      | Got a heavy robe
  5023 | D:4      | Identified the +0 robe of Greed {+Fly rElec Int+4 Stlth-} (You found it on level 4 of the Dungeon)
  5583 | D:4      | Reached skill level 5 in Fire Magic
  5584 | D:4      | Reached XP level 6. HP: 36/45 MP: 5/11
  5781 | D:4      | Noticed Natasha
  5789 | D:4      | Killed Natasha
  5962 | D:4      | Found a shimmering altar of Xom.
  6158 | D:5      | Entered Level 5 of the Dungeon
  6228 | D:5      | You fall through a shaft for 3 floors!
  6371 | D:7      | Found a sand-covered staircase.
  6377 | D:7      | Found Eminies's Armour Emporium.
  6402 | Ossuary  | Entered an ossuary
  6490 | D:7      | Reached skill level 5 in Conjurations
  6490 | D:7      | Reached XP level 7. HP: 50/50 MP: 4/12
  6497 | D:7      | Learned a level 5 spell: Fireball
  6610 | D:7      | Reached skill level 6 in Fire Magic
  6703 | D:7      | Found an iron altar of Okawaru.
  6707 | D:7      | Found a staircase to the Ecumenical Temple.
  6721 | D:7      | Noticed NormalPerson7's ghost (novice VSFi)
  6787 | D:6      | Slain by an orc

Vault maps used:
D:1:      minmay_arrival_doors
D:2:      lemuel_zombie_altar_kikubaaqudgha, uniq_terence, uniq_robin
D:3:      nicolae_overflow_crystal_walls, overflow_temple_1_default,
          grunt_dithmenos_smoke
D:4:      first_bread, led_xom_imps, uniq_natasha
D:5:      wad_woods_tower, lemuel_coloured_pillars_altar, basic_altar
D:6:      vehumet_altar_wand_db, serial_corexii_hall, corexii_hall_statues_x,
          corexii_hall_statues_i, lightli_corner_chamber
D:7:      lemuel_doored_altar, chequers_temple_overflow_statue_of_worship,
          temple_statues, basic_altar, enter_ossuary_1, serial_shops, shop
D:8:      marbit_many_paths, zin_treasury, blue_anna_alchemist
Ossuary:  ossuary_zaba_flooded

Skill      XL: |  1  2  3  4  5  6  7 |
---------------+----------------------+-----
Conjurations   | 1 2 3 5 |  5.3
Fire Magic     | 3 4 5 6 |  6.2
Spellcasting   | 2 |  2.3
Dodging        | |  1.7
Stealth        | |  1.7

Action                   |  1- 3 |  4- 6 |  7- 9 || total
-------------------------+-------+-------+-------++-------
Melee: Unarmed           |     1 |       |       ||     1
       Short sword       |     9 |       |       ||     9
       Dagger            |       |    95 |    29 ||   124
 Cast: Flame Tongue      |    76 |    95 |    13 ||   184
       Conjure Flame     |     1 |     5 |       ||     6
  Use: Scroll            |       |     6 |     3 ||     9
       Potion            |       |       |     4 ||     4
 Stab: Sleeping          |     2 |     3 |       ||     5
       Distracted        |     1 |       |       ||     1
  Eat: Chunk             |     5 |    12 |     2 ||    19
       Fruit             |     1 |     1 |       ||     2
Armor: Robe              |     4 |    15 |    12 ||    31
       Skin              |       |       |     8 ||     8
Dodge: Dodged            |    16 |    74 |    39 ||   129
